 Dungeon Crawl Stone Soup version 0.29.1-14-g9c671dbff4 (webtiles) character file.

Game seed: 15378416412200026669

53 tizbic2 the Vexing (level 3, -2/26 HPs)
             Began as a Demonspawn Arcane Marksman on Feb 13, 2023.
             Slain by a kobold
             ... wielding a +0 whip
              (5 damage)
             ... on level 2 of the Dungeon.
             The game lasted 00:06:40 (2547 turns).

tizbic2 the Vexing (Demonspawn Arcane Marksman)     Turns: 2547, Time: 00:06:41

Health: -2/26      AC:  8    Str: 12    XL:     3   Next: 64%
Magic:  5/5        EV:  5    Int: 14    God:
Gold:   72         SH:  0    Dex: 13    Spells: 4/5 levels left

rFire   . . .      SeeInvis .   e - staff of earth
rCold   . . .      Faith    .   (no shield)
rNeg    . . .      Spirit   .   d - +0 chain mail
rPois   .          Reflect  .   (helmet restricted)
rElec   .          Harm     .   (no cloak)
rCorr   .          Rampage  .   (no gloves)
Will    .....                   (no boots)
Stlth   ..........              (no amulet)
HPRegen 0.08/turn               (no ring)
MPRegen 0.09/turn               (no ring)

@: about to teleport
A: horns 1, weakness stinger 1
a: no special abilities


You were on level 2 of the Dungeon.
You visited 1 branch of the dungeon, and saw 2 of its levels.

You collected 72 gold pieces.

Inventory:

Hand Weapons
 a - a +1 sling
Armour
 c - a +0 robe
 d - a +0 chain mail (worn)
 h - a +0 ring mail
 j - a +0 plate armour
Magical Staves
 e - a staff of earth (weapon)
Scrolls
 b - a scroll of poison
 l - a scroll of identify
Potions
 g - 2 potions of mutation {unknown}
 k - a potion of flight {unknown}


   Skills:
 + Level 1.3 Fighting
 * Level 1.4 Staves
 - Level 1.7 Ranged Weapons
 - Level 1.7 Dodging
 + Level 1.5 Spellcasting
 - Level 3.0 Hexes
 * Level 1.5 Earth Magic
 + Level 0.9 Evocations


You had 4 spell levels left.
You knew the following spells:

 Your Spells              Type           Power      Damage    Failure   Level
a - Slow                  Hex            36%        N/A       98%         1

Your spell library contained the following spells:

 Spells                   Type           Power      Damage    Failure   Level
 Necrotise                Necr           4%         1d4       100%        1
 Call Canine Familiar     Summ           1%         N/A       100%        3
 Inner Flame              Hex/Fire       5%         N/A       100%        3
 Portal Projectile        Hex/Tloc       10%        N/A       100%        3
 Vampiric Draining        Necr           1%         2d6       100%        3
 Cause Fear               Hex            4%         N/A       100%        4
 Leda's Liquefaction      Hex/Erth       5%         N/A       100%        4
 Agony                    Necr           1%         N/A       100%        5


Dungeon Overview and Level Annotations

Branches:
Dungeon (2/15)

Altars:

Annotations:
D:2 1 runed translucent door, Crazy Yiuf, Terence


Innate Abilities, Weirdness & Mutations

You have a pair of small horns on your head.
You have a small tail.


Message History

Terence hits you but does no damage.
You barely miss Terence.
Terence is heavily wounded.
A kobold comes into view. It is wielding a +0 whip.
Terence hits you but does no damage.
You hit Terence.
Terence is severely wounded.
Your transformation is almost over.
Terence drinks a potion.
Terence is healed!
You hit Terence.
Terence is lightly wounded.
Terence hits you with a +0 flail.
You closely miss Terence.
Terence is lightly wounded.
Terence hits you but does no damage. The kobold hits you but does no damage.
You hit Terence.
Terence is moderately wounded.
Terence hits you but does no damage.
The kobold hits you but does no damage. x2
Terence hits you but does no damage.
You barely miss Terence.
Terence is moderately wounded.
The kobold hits you but does no damage. Terence hits you with a +0 flail!
You barely miss Terence.
Terence is moderately wounded.
The kobold hits you but does no damage. Terence hits you but does no damage.
You hit Terence but do no damage.
Terence is moderately wounded.
The kobold hits you but does no damage. Terence completely misses you.
You hit Terence but do no damage.
Terence is moderately wounded.
You feel less wooden.
Your +0 chain mail unmelds from your body.
Terence hits you with a +0 flail.
* * * LOW HITPOINT WARNING * * *
The kobold hits you with a +0 whip.
* * * LOW HITPOINT WARNING * * *
Okay, then.
As you read the scroll of teleportation, it crumbles to dust.
You feel strangely unstable. The kobold hits you with a +0 whip.
You die...

.# ## ##.#### ## .#
#..... .. .####..# # .#
.......## #. .#
<...<...# #. .#
.####.#.######.##.####.#
.# #.#...^......K.....#
.# #.# ### #..@@.....#
.# ##.#### ###.#.###.#
## #.....# #.# # #[###.#
#.# #.# # #####.#
#.###.# #.....#
####.....# #.#####
........## #.#
######..####.#


You could see Terence and a kobold.

Vanquished Creatures
  An adder (D:2)
  2 dart slugs
  2 bats (D:1)
  3 endoplasms
  3 giant cockroaches
  2 goblins (D:1)
  2 hobgoblins
  5 jackals
  6 kobolds
  A quokka (D:2)
  3 ball pythons (D:1)
  4 frilled lizards
  3 rats (D:1)
37 creatures vanquished.

Notes
Turn   | Place    | Note
-------+----------+-------------------------------------------
     0 | D:1      | tizbic2 the Demonspawn Arcane Marksman began the quest for
                  | the Orb.
     0 | D:1      | Reached XP level 1. HP: 15/15 MP: 2/2
   572 | D:1      | Discovered your monstrous ancestry.
   572 | D:1      | Gained mutation: You have a small tail. [demonic ancestry]
   572 | D:1      | Reached XP level 2. HP: 8/21 MP: 3/3
   951 | D:1      | Reached skill level 1 in Staves
  1282 | D:1      | Reached skill level 1 in Earth Magic
  1869 | D:2      | Gained mutation: You have a pair of small horns on your
                  | head. [demonic ancestry]
  1869 | D:2      | Reached XP level 3. HP: 26/26 MP: 4/4
  2166 | D:2      | Found a runed translucent door.
  2167 | D:2      | Noticed Crazy Yiuf
  2522 | D:2      | Noticed Terence
  2547 | D:2      | Slain by a kobold

Illustrated notes

Levels and vault maps discovered:
D:1:      wheals_arrival_linesprint, layout_basic
D:2:      layout_loops_ring, hellmonk_ecumenical_altar_blasted, uniq_terence,
          uniq_crazy_yiuf_cottage

Skill      XL: |  1  2 |
---------------+-------+-----
Staves         | 1 |  1.4
Earth Magic    | 1 |  1.5
Fighting       | |  1.3
Ranged Weapons | |  1.7
Dodging        | |  1.7
Spellcasting   | |  1.5
Hexes          | |  3.0
Evocations     | |  0.9

Action                   || total
-------------------------++-------
Melee: Staff             ||   167
       Tailslap          ||    11
       Punch             ||     1
       Headbutt          ||    10
 Cast: Slow              ||     1
  Use: Scroll            ||     5
       Potion            ||     1
Armor: Ring mail         ||    13
       Robe              ||     1
       Chain mail        ||    60
       Plate armour      ||    20
       Skin              ||    17
Dodge: Dodged            ||    45
